Unix NetHack Version 5.0.0-0 post-release - last build May  4 2026 22:22:43 (774f63e81ad911689b3a0859ea89b322d5daca8d,branch:main).

Game began 2026-05-06 13:40:51, ended 2026-05-06 15:00:25.

Drastanta, lawful male human Samurai

                                                       --------------
                                                       |......<.....|
                                                       .............|
                                                       |............|
                                                       |............|
                                                       ---.----------
                                                          #####
                                                              #
                                                              @
                                                              #s#
                                                                #
                                                               ####
                                                                -|-
                                                                %%>.
                                                                |.....
                                                                |.......
                                                                ---------

Drastanta the Ronin    St:13 Dx:14 Co:18 In:8 Wi:12 Ch:6  Lawful
Dlvl:7  $:194 HP:0(48) Pw:27(27) AC:3  Xp:5 T:2458  Burdened

Latest messages:
 You see here a scroll labeled LOREM IPSUM.
 I - a scroll labeled LOREM IPSUM (2 in total).
 Double run prefix, canceled.
 Double run prefix, canceled.
 Double run prefix, canceled.
 You hear crashing rock.
 The door opens.
 The little dog just misses!
 The little dog bites!
 You begin bashing monsters with your yumi.
 You hit the gray ooze.
 The little dog misses!
 The giant spider bites!
 a - a +0 katana (weapon in right hand).
 c - a +0 yumi (alternate weapon; not wielded).
 The little dog bites!
 You kill the gray ooze!
 The little dog bites!
 The giant spider bites!
 The little dog misses!
 You kill the little dog!
 The giant spider bites!
 You miss the giant spider.
 The giant spider bites!
 You miss the giant spider.
 The giant spider misses!
 You hit the giant spider!
 The giant spider bites!
 You hit the giant spider!
 The giant spider misses!
 You miss the giant spider.
 You miss the giant spider.
 The giant spider bites!
 The giant spider's bite was poisoned!
 Your movements are slowed slightly because of your load.
 You feel weaker!
 What do you want to eat? [nGH or ?*] ?
 This fortune cookie is delicious!
 This cookie has a scrap of paper inside.
 It reads:
 They say that only an experienced wizard can do the tengu shuffle.
 The giant spider bites!
 You miss the giant spider.
 The giant spider bites!
 The giant spider misses!
 You hit the giant spider!
 The giant spider bites!
 You die...
 Do you want your possessions identified? [ynq] (y) y
 Do you want to see your attributes? [ynq] (y) q

Inventory:
 Coins    ('$')
  $ - 194 gold pieces
 Amulets  ('"')
  j - an uncursed amulet of life saving
 Weapons  (')')
  d - 23 +0 ya (in quiver)
  c - a +0 yumi (alternate weapon; not wielded)
  a - a +0 katana (weapon in right hand)
  b - a +0 wakizashi
 Armor    ('[')
  u - an uncursed +0 pair of kicking boots (being worn)
  e - an uncursed rustproof +0 splint mail (being worn)
 Comestibles  ('%')
  n - an uncursed carrot
  H - an uncursed tripe ration
 Scrolls  ('?')
  A - a blessed scroll of confuse monster
  M - a blessed scroll of create monster
  f - an uncursed scroll of enchant armor
  E - 2 uncursed scrolls of enchant weapon
  I - 2 uncursed scrolls of identify
  D - a cursed scroll of remove curse
 Potions  ('!')
  y - an uncursed potion of paralysis
  v - an uncursed potion of speed
 Wands    ('/')
  p - a wand of digging (0:3)
 Tools    ('(')
  i - an empty uncursed sack
  o - an uncursed blindfold
  x - a blessed crystal ball (0:3)
  g - an uncursed skeleton key
  k - an uncursed tin whistle

Drastanta the Samurai's attributes:

Background:
 You were a Ronin, a level 5 male human Samurai.
 You were lawful, on a mission for Amaterasu Omikami
 who was opposed by Raijin (neutral) and Susanowo (chaotic).
 You were right-handed.
 You were in the Dungeons of Doom, on level 7.
 You entered the dungeon 2458 turns ago.
 You had 304 experience points, 16 more were needed to attain level 6.

Basics:
 You had 0 out of 48 hit points.
 You had all 27 energy points (spell power).
 Your armor class was 3.
 Your wallet contained 194 zorkmids.
 Autopickup was off.

Final Characteristics:
 Your strength was 13 (peak:17, limit:18/100).
 Your dexterity was 14 (limit:18).
 Your constitution was 18 (limit:18).
 Your intelligence was 8 (limit:18).
 Your wisdom was 12 (limit:18).
 Your charisma was 6 (limit:18).

Final Status:
 You weren't hungry.
 You were burdened; movement was slightly slowed.
 You were wielding a long sword.
 You had basic skill with long sword.

Final Attributes:
 You were piously aligned.
 You were warded.
 You were fast.
 You are dead.

Miscellaneous:
 You didn't encounter any bones levels.
 Total elapsed playing time was 1 hour, 17 minutes and 20 seconds.

Major events:
 Turn
    1: Drastanta the lawful male human Samurai entered the dungeon
  223: attained the rank of Ronin (level 3)
 2458: killed by a giant spider

You didn't know any spells.

Skills:
 Fighting Skills
   martial arts      [Basic]
   two weapon combat [Unskilled]
   riding            [Unskilled]
 Weapon Skills
   dagger            [Unskilled]
   knife             [Unskilled]
   short sword       [Basic]
   broadsword        [Unskilled]
   long sword        [Basic]
   two-handed sword  [Unskilled]
   saber             [Unskilled]
   flail             [Unskilled]
   quarterstaff      [Unskilled]
   polearms          [Unskilled]
   spear             [Unskilled]
   lance             [Unskilled]
   bow               [Basic]
   shuriken          [Unskilled]
 Spellcasting Skills
   attack spells     [Unskilled]
   divination spells [Unskilled]
   clerical spells   [Unskilled]

Voluntary challenges:
 Character rerolling was not enabled.
 You never genocided any monsters.
 You never polymorphed an object.
 You never changed form.
 You used no wishes.
Achievements:
 You attained the rank of Ronin.
 You entered a shop.

 The Dungeons of Doom: levels 1 to 7
    Level 1:
    Level 2:
       An armor shop, a fountain.
    Level 3:
       An altar to Amaterasu Omikami, a fountain.
    Level 4:
       A fountain.
    Level 5:
    Level 6:
       A sink.
    Level 7: <- You were here.
       Final resting place for
          you, killed by a giant spider.


Vanquished creatures:
  a dingo
  a rock piercer
  a pony
  6 fog clouds
  a gnome leader
  2 kobold mummies
  a gray ooze
  2 little dogs
  2 floating eyes
  a giant bat
  3 coyotes
  a hobbit
  2 manes
  a hobgoblin
  a green mold
  a gnome zombie
  a gecko
  3 jackals
  a fox
  3 kobolds
  a goblin
  2 sewer rats
  a grid bug
  6 lichens
  3 newts
48 creatures vanquished.

No species were genocided or became extinct.

Game over:
                       ----------
                      /          \
                     /    REST    \
                    /      IN      \
                   /     PEACE      \
                  /                  \
                  |    Drastanta     |
                  |      194 Au      |
                  |   killed by a    |
                  |   giant spider   |
                  |                  |
                  |                  |
                  |       2026       |
                 *|     *  *  *      | *
        _________)/\\_//(\/(/\)/\//\/|_)_______

Sayonara Drastanta the Samurai...

You died in The Dungeons of Doom on dungeon level 7 with 1701 points,
and 194 pieces of gold, after 2458 moves.
You were level 5 with a maximum of 48 hit points when you died.

